 Dungeon Crawl Stone Soup version 0.32-a0-636-g4925a30cd0 (webtiles) character file.

Game seed: 7558575636669971145

66 Kenran the Ruffian (level 3, -5/28 HPs)
             Began as a Minotaur Summoner on Mar 7, 2024.
             Killed by nerve-wracking pain
             ... invoked by an orc priest
              (12 damage)
             ... on level 3 of the Dungeon.
             The game lasted 00:04:19 (1964 turns).

Kenran the Ruffian (Minotaur Summoner)              Turns: 1964, Time: 00:04:19

Health: -5/28      AC:  3    Str: 14    XL:     3   Next: 96%
Magic:  4/4        EV: 12    Int: 12    God:
Gold:   56         SH:  0    Dex: 10    Spells: 3/4 levels left

rFire   . .          .
                       - Unarmed
rCold   . . .        (no shield)
rNeg    . . .        a - +0 robe
rPois   .            (helmet restricted)
rElec   .            (no cloak)
rCorr   .            p - +0 pair of gloves
SInv    .            (no boots)
Will    .....        (no amulet)
Stlth   ++           (no ring)
HPRegen 0.24/turn    (no ring)
MPRegen 0.09/turn

%: no passive effects
@: no status effects
A: horns 2, retaliatory headbutt
a: Convert to Beogh


You were on level 3 of the Dungeon.
You visited 1 branch of the dungeon, and saw 3 of its levels.

You collected 56 gold pieces.

Inventory:

Armour
 a - a +0 robe (worn)
 p - a +0 pair of gloves (worn)
Jewellery
 m - a ring of wizardry
 o - a ring of resist corrosion
Talismans
 i - a beast talisman
Scrolls
 f - a scroll of enchant armour
 g - a scroll of poison {unknown}
 h - a scroll of teleportation {unknown}
 k - a scroll of noise {unknown}
 n - a scroll of enchant weapon {unknown}
Potions
 b - a potion of magic
 c - a potion of haste {unknown}
 e - a potion of degeneration {unknown}
 j - a potion of heal wounds {unknown}


   Skills:
 - Level 1.0 Fighting
 - Level 2.1 Dodging
 - Level 1.5 Stealth
 * Level 3.8 Unarmed Combat
 - Level 1.3 Spellcasting
 - Level 2.9 Summonings


You had 3 spell levels left.
You knew the following spells:

 Your Spells              Type           Power      Damage    Failure   Level
a - Summon Small Mammal   Summ           28%        N/A       9%          1

Your spell library contained the following spells:

 Spells                   Type           Power      Damage    Failure   Level
 Call Imp                 Summ           14%        N/A       13%         2
 Call Canine Familiar     Summ           7%         N/A       26%         3
 Summon Blazeheart Golem  Fire/Summ      4%         N/A       83%         4
 Summon Lightning Spire   Summ/Air       4%         N/A       83%         4


Dungeon Overview and Level Annotations

Branches:
Dungeon (3/15)

Altars:
Kikubaaqudgha

Annotations:
D:2 1 runed translucent door, Crazy Yiuf


Innate Abilities, Weirdness & Mutations

You have a pair of horns on your head.
You reflexively headbutt those who attack you in melee.


Message History

2 orcs come into view.
Found a sling.
The orc shouts!
The orc barely misses you.
You hit the orc.
You kill the orc!
You barely miss the orc. The orc hits you with a +0 dagger.
You barely miss the orc. Your headbutt misses the orc. You hit the orc.
You headbutt the orc.
You kill the orc!
No target in view!
No target in view!
Items here: ( )) [ †.
Found a scroll of enchant armour.
An orc priest comes into view. It is wielding a +0 flail.
The orc priest shouts!
The orc priest calls down the wrath of Beogh upon you.
You barely resist.
The orc priest invokes the aid of Beogh against you.
Pain shoots through your body!
You hit the orc priest.
You headbutt the orc priest, but do no damage.
The orc priest is lightly wounded.
You hit the orc priest.
The orc priest is lightly wounded.
The orc priest barely misses you.
You hit the orc priest. You headbutt the orc priest.
The orc priest is almost dead.
The orc priest calls down the wrath of Beogh upon you.
Pain shoots through your body!
Ouch! That really hurt!
* * * LOW HITPOINT WARNING * * *
The orc priest shouts, "The Pantheon deserves no one's loyalty.
Let us show you the true path!" (press Y on the ability menu to convert to Beogh)
Okay, then.
You hit the orc priest.
The orc priest is almost dead.
The orc priest mumbles some strange prayers to Beogh against you.
Pain shoots through your body!
You die...

#....# .##..#.#
.#..#.# ...#. . ..
#.?.####..
....##.........
....
...............
.... #@.## ...
#o..## #######.#
#.#.)###.....#.##
#.##.##.........#
#.##.#..........##
####)#...........#
#.#.........#.#
#.#......<..#.#
#.#.........#..


You could see an orc priest.

Vanquished Creatures
  2 ribbon worms (D:2)
  2 orcs (D:3)
  5 endoplasms
  2 giant cockroaches (D:2)
  7 hobgoblins
  3 jackals (D:1)
  2 quokkas
  5 ball pythons
  2 bats
  3 frilled lizards
  5 goblins
  2 rats
40 creatures vanquished.

Vanquished Creatures (collateral kills)
  An adder (D:2)
  A hobgoblin (D:1)
  2 rats (D:1)
4 creatures vanquished.

Grand Total: 44 creatures vanquished

Notes
Turn   | Place    | Note
-------+----------+-------------------------------------------
     0 | D:1      | Kenran the Minotaur Summoner began the quest for the Orb.
     0 | D:1      | Reached XP level 1. HP: 14/14 MP: 1/1
   195 | D:1      | Reached skill level 1 in Fighting
   195 | D:1      | Reached skill level 1 in Unarmed Combat
   204 | D:1      | Reached XP level 2. HP: 13/23 MP: 0/3
   284 | D:1      | Reached skill level 2 in Unarmed Combat
   579 | D:1      | Reached XP level 3. HP: 27/28 MP: 4/4
   976 | D:2      | Reached skill level 3 in Unarmed Combat
  1126 | D:2      | Found a runed translucent door.
  1127 | D:2      | Noticed Crazy Yiuf
  1437 | D:2      | Found an ancient bone altar of Kikubaaqudgha.
  1964 | D:3      | Killed from afar by an orc priest

Illustrated notes

Levels and vault maps discovered:
D:1:      psy_arrival_whirlpool, layout_basic
D:2:      layout_loops_ring, basic_altar, nicolae_elevator_lobby_asterisk,
          uniq_crazy_yiuf_cottage
D:3:      layout_rooms

Skill      XL: |  1  2  3 |
---------------+----------+-----
Fighting       | 1 |  1.0
Unarmed Combat | 1 2 3 |  3.8
Dodging        | |  2.1
Stealth        | |  1.5
Spellcasting   | |  1.3
Summonings     | |  2.9

Action                     || total
---------------------------++-------
  Melee: Unarmed           ||   124
         Headbutt          ||    17
         Punch             ||     3
   Cast: Summon Small Mamm ||    15
    Use: Scroll            ||     2
   Stab: Sleeping          ||     3
 Armour: Robe              ||    64
  Dodge: Dodged            ||    64

Table legend: (Time is in decaauts)
 A = Elapsed time spent in this place.
 B = Non-inter-level travel time spent in this place.
 C = Inter-level travel time spent in this place.
 D = Time resting spent in this place.
 E = Time spent auto-exploring this place.
 F = Levels seen in this place.
 G = Mean time per level.
                   A        B        C        D        E       F      G
               +--------+--------+--------+--------+--------+-----+--------+
         Total |   1961 |   1920 |     41 |    321 |   1152 |   3 |  653.7 |
       Dungeon |   1961 |   1920 |     41 |    321 |   1152 |   3 |  653.7 |
               +--------+--------+--------+--------+--------+-----+--------+

Top non-repeatable levels by time:
     D:2: 1041 daAuts
     D:1: 853 daAuts
     D:3: 66 daAuts
